 Dungeon Crawl Stone Soup version 0.19.4-8-ga85b6b9 (webtiles) character file.

10634 Kosschaser the Covert (level 11, -7/58 HPs)
             Began as a Vine Stalker Assassin on Feb 14, 2017.
             Was an Elder of Dithmenos.
             Mangled by a vampire mosquito (10 damage)
             ... on level 2 of the Lair of Beasts.
             The game lasted 01:17:57 (10451 turns).

Kosschaser the Covert (Vine Stalker Assassin)      Turns: 10451, Time: 01:17:58

Health: -7/58      AC:  7    Str: 13    XL:     11   Next: 65%
Magic:  0/13       EV: 17    Int: 11    God:    Dithmenos [****..]
Gold:   708        SH:  0    Dex: 18    Spells: 0 memorised, 10 levels left

rFire  + . .     SeeInvis .     t - +3 dagger (venom)
rCold  x . .     Gourm    .     F - +2 robe {rN+}
rNeg   + . .     Faith    +     (no shield)
rPois  .         Spirit   +     (no helmet)
rElec  .         Reflect  .     d - +0 cloak
rCorr  .         Harm     .     (no gloves)
MR     +....                    y - +0 pair of boots
Stlth  +++++++...               M - amulet of faith
                                U - ring of fire
                                S - +1 ring of protection

@: wreathed by umbra, invisible
A: fangs 3, talons 1, clumsy 1, regeneration 1, wild magic 1, magic shield,
antimagic bite, no device heal 3, rot immunity
a: Shadow Step, Renounce Religion


You were on level 2 of the Lair of Beasts.
You worshipped Dithmenos.
Dithmenos was greatly pleased with you.
You were not hungry.

You visited 2 branches of the dungeon, and saw 13 of its levels.

You collected 708 gold pieces.

Inventory:

Hand Weapons
 b - a +0 blowgun
 t - a +3 dagger of venom (weapon)
Missiles
 e - 63 poisoned needles
 f - 2 curare-tipped needles
 u - 11 tomahawks (quivered)
 v - 5 javelins
Armour
 d - a +0 cloak (worn)
 y - a +0 pair of boots (worn)
 F - a +2 robe of positive energy (worn)
Jewellery
 M - an amulet of faith (around neck)
 S - a +1 ring of protection (left hand)
 U - a ring of fire (right hand)
Wands
 a - a wand of disintegration (0/24)
 c - a wand of hasting (3/9)
 s - a wand of iceblast (6/15)
 w - a wand of iceblast (5/15)
 J - a wand of digging (9/24)
 O - a wand of iceblast (9/15)
 R - a wand of lightning (0/15)
 T - a wand of lightning (8/15)
Scrolls
 h - 5 scrolls of amnesia
 l - 2 scrolls of enchant weapon
 n - 2 scrolls of fog
 r - a scroll of recharging {unknown}
 I - a scroll of random uselessness {unknown}
 K - 6 scrolls of magic mapping
 Q - a scroll of immolation {unknown}
 V - a scroll of torment {unknown}
Potions
 i - 2 potions of flight
 j - 3 potions of agility
 x - 2 potions of heal wounds
 z - a potion of degeneration {unknown}
 A - a potion of resistance
 B - 3 potions of magic
 D - a potion of brilliance
 G - a potion of lignification
 H - a potion of cancellation
 L - a potion of haste
 W - a potion of curing
 Y - a potion of might {unknown}
Books
 P - a book of Changes

   Spells                             Type                      Level
   a - Beastly Appendage              Transmutation                1
   b - Sticks to Snakes               Transmutation                2
   c - Spider Form                    Transmutation/Poison         3
   d - Ice Form                       Ice/Transmutation            4
   e - Blade Hands                    Transmutation                5
Comestibles
 g - 8 bread rations
 k - 2 beef jerkies
 E - 3 fruits
 N - 3 meat rations


   Skills:
 + Level 7.2 Fighting
 + Level 8.7 Short Blades
 + Level 6.2 Throwing
 + Level 6.7 Dodging
 + Level 11.8 Stealth
 + Level 0.4 Invocations
 + Level 1.7 Evocations


You had 10 spell levels left.
You didn't know any spells.

Dungeon Overview and Level Annotations

Branches:
Dungeon (11/15)            Temple (0/1) D:7            Lair (2/6) D:10
  Swamp (0/4) Lair:2          Orc (0/2) D:9
  Snake: Lair:2-4    Spider: Lair:2-4

Altars:
Dithmenos
Hepliaklqana
Sif Muna
Yredelemnul
Zin

Shops:
D:8 [

Annotations:
D:9 Paps's ghost, novice TrFi


Innate Abilities, Weirdness & Mutations

You have razor-sharp teeth.
Your natural rate of healing is unusually fast.
When hurt, damage is shared between your health and your magic reserves.
Your bite disrupts and absorbs the magic of your enemies.
Potions and wands cannot restore your health.
You are immune to rotting.
You have sharp toenails.
You are clumsy. (Dex -2)
Your spells are a little harder to cast, but a little more powerful.


Message History

The vampire mosquito draws strength from your injuries!
The vampire mosquito bites you.
* * * LOW HITPOINT WARNING * * *
The vampire mosquito draws strength from your injuries!
The vampire mosquito completely misses you.
The vampire mosquito bites you!
* * * LOW HITPOINT WARNING * * *
The vampire mosquito draws strength from your injuries!
The vampire mosquito bites the fungus!
As you read the scroll of fear, it crumbles to dust.
You assume a fearsome visage.
The vampire mosquito is unaffected. x2
The vampire mosquito misses you.
The vampire mosquito bites the fungus!
The vampire mosquito bites you but does no damage.
The vampire mosquito completely misses the fungus.
The vampire mosquito closely misses you.
Okay, then.
You fade into invisibility!
The vampire mosquito closely misses you.
The vampire mosquito bites you!
You die...

##.#.............#
##...#...#.P...##.####........
#.............#.#...#.........
#....#..##....##.....#........
#.P.#...##....................
#...##..##...#.#...)..>.......
###...#...##..###.....#.........
#.....#...#...##y#.P#.#.#....P#
#............).@y....../.....#
##....###.##..##PP..###...#..#
#..##.######.####.## #..♣♣ ....
#........ P##..# #..♣♣♣♣♣♣.
##...##.## ###.# #..♣≈♣≈≈§§♣
#..### ## #####.####♣♣♣§≈≈≈.♣
##.#### ######P##...# ♣≈≈§§§≈≈
##.##.###..........## ♣≈§§§§≈≈
#..........######.#.# ♣≈§§§§≈≈


You could see 2 vampire mosquitoes.

Vanquished Creatures
  A hill giant (D:10)
  Psyche (D:8)
  A centaur zombie (D:10)
  3 spiny frogs
  2 hornets (D:8)
  A hippogriff (Lair:2)
  Sigmund (D:2)
  A vampire (D:10)
  A wraith (D:9)
  8 yaks
  A wyvern (D:8)
  2 basilisks
  2 vampire mosquitoes (Lair:2)
  6 water moccasins
  2 hell hounds (D:10)
  4 porcupines (Lair:1)
  2 orc warriors
  3 ice beasts
  A black bear (D:8)
  A sky beast (D:10)
  A necrophage (D:10)
  3 phantoms
  5 ogres
  7 centaurs
  2 crocodiles
  A big kobold (D:8)
  10 bullfrogs
  5 scorpions
  3 howler monkeys
  A jelly (D:9)
  6 crimson imps
  A quasit (D:6)
  2 bullfrog skeletons
  4 orc priests
  4 hounds
  5 orc wizards
  4 iguanas
  Natasha (thrice) (D:3 D:6)
  7 worker ants
  A howler monkey skeleton (D:6)
  14 adders
  3 shadow imps
  An adder zombie (D:7)
  3 worms
  5 dart slugs
  4 leopard geckos
  57 orcs
  3 ball pythons (D:1)
  7 bats
  3 giant cockroaches
  4 goblins
  4 hobgoblins
  9 jackals
  3 quokkas
  9 frilled lizards
  19 kobolds
  A quokka skeleton (D:6)
  3 rats
271 creatures vanquished.

Vanquished Creatures (others)
  A plant (Lair:2)
1 creature vanquished.

Grand Total: 272 creatures vanquished

Notes
Turn   | Place    | Note
-------+----------+-------------------------------------------
     0 | D:1      | Kosschaser the Vine Stalker Assassin began the quest for the Orb.
     0 | D:1      | Reached XP level 1. HP: 11/11 MP: 2/2
    81 | D:1      | Reached skill level 5 in Stealth
    94 | D:1      | Reached XP level 2. HP: 7/15 MP: 1/3
   437 | D:1      | Reached XP level 3. HP: 15/18 MP: 4/4
   648 | D:2      | Reached skill level 1 in Dodging
  1183 | D:2      | Gained mutation: Your natural rate of healing is unusually fast. [Vine Stalker growth]
  1183 | D:2      | Reached XP level 4. HP: 9/23 MP: 3/5
  1304 | D:2      | Noticed Sigmund
  1318 | D:2      | Killed Sigmund
  1318 | D:2      | Reached skill level 6 in Stealth
  1318 | D:2      | Reached XP level 5. HP: 16/27 MP: 3/6
  1318 | D:2      | Reached XP level 6. HP: 19/32 MP: 3/7
  1571 | D:3      | Found a shadowy altar of Dithmenos.
  1574 | D:3      | Became a worshipper of Dithmenos the Shadowed
  2100 | D:3      | Noticed Natasha
  2110 | D:3      | Killed Natasha
  3015 | D:4      | Reached XP level 7. HP: 20/36 MP: 3/8
  3221 | D:4      | Reached skill level 7 in Stealth
  3752 | D:4      | Gained mutation: You have razor-sharp teeth. [Vine Stalker growth]
  3752 | D:4      | Reached XP level 8. HP: 30/40 MP: 7/9
  3771 | D:4      | Reached * piety under Dithmenos
  3973 | D:5      | Entered Level 5 of the Dungeon
  4713 | D:6      | Reached skill level 5 in Short Blades
  5014 | D:6      | Noticed Natasha
  5021 | D:6      | Killed Natasha
  5210 | D:6      | Found a hazy altar of Hepliaklqana.
  5211 | D:6      | Found a basalt altar of Yredelemnul.
  5211 | D:6      | Noticed Natasha
  5216 | D:6      | Killed Natasha
  5216 | D:6      | Reached skill level 8 in Stealth
  5339 | D:6      | Reached XP level 9. HP: 29/46 MP: 5/10
  5610 | D:7      | Found a staircase to the Ecumenical Temple.
  5961 | D:7      | Reached ** piety under Dithmenos
  6002 | D:7      | Found a deep blue altar of Sif Muna.
  6003 | D:7      | Found a glowing silver altar of Zin.
  6146 | D:8      | Reached skill level 5 in Throwing
  6242 | D:8      | Noticed a hornet
  6246 | D:8      | Killed a hornet
  6246 | D:8      | Reached skill level 9 in Stealth
  6254 | D:8      | Reached skill level 5 in Fighting
  6391 | D:8      | Noticed a hornet
  6398 | D:8      | Killed a hornet
  6477 | D:8      | Found Ceorrom's Armour Boutique.
  6522 | D:8      | Noticed Psyche
  6535 | D:8      | Killed Psyche
  6535 | D:8      | Reached skill level 10 in Stealth
  6535 | D:8      | Reached XP level 10. HP: 35/51 MP: 7/11
  6598 | D:8      | Reached skill level 1 in Evocations
  6841 | D:9      | Noticed Paps's ghost (novice TrFi)
  7184 | D:9      | Reached *** piety under Dithmenos
  7455 | D:9      | Found a staircase to the Orcish Mines.
  7528 | D:9      | Reached **** piety under Dithmenos
  7627 | D:9      | Reached skill level 5 in Dodging
  8276 | D:10     | Entered Level 10 of the Dungeon
  8407 | D:10     | Noticed a hill giant
  8522 | D:10     | Killed a hill giant
  8522 | D:10     | Reached XP level 11. HP: 28/58 MP: 6/13
  8617 | D:10     | Found a staircase to the Lair.
  8653 | D:10     | Reached skill level 11 in Stealth
  9376 | Lair:1   | Entered Level 1 of the Lair of Beasts
  9402 | Lair:1   | Reached ***** piety under Dithmenos
 10202 | Lair:2   | HP: 2/87 [poisoned by a water moccasin]
 10387 | Lair:2   | Gained mutation: You have sharp toenails. [potion of mutation]
 10387 | Lair:2   | Gained mutation: You are clumsy. (Dex -2) [potion of mutation]
 10387 | Lair:2   | Gained mutation: Your spells are a little harder to cast, but a little more powerful. [potion of mutation]
 10410 | Lair:2   | Found a staircase to the Swamp.
 10448 | Lair:2   | HP: 1/58 [vampire mosquito (9)]
 10451 | Lair:2   | Mangled by a vampire mosquito

Skill      XL: |  1  2  3  4  5  6  7  8  9 10 11 |
---------------+----------------------------------+-----
Stealth        | 5 6 7 8 10 11 | 11.8
Short Blades   | 2 3 4 5 6 7 8 |  8.7
Throwing       | 2 3 4 5 6 |  6.2
Dodging        | 1 2 3 4 5 6 |  6.7
Fighting       | 2 3 4 5 6 7 |  7.2
Evocations     | 1 |  1.7
Invocations    | |  0.4

Action                   |  1- 3 |  4- 6 |  7- 9 | 10-12 || total
-------------------------+-------+-------+-------+-------++-------
Melee: Dagger            |   112 |    94 |   305 |   584 ||  1095
       Bite              |    24 |    21 |   107 |   245 ||   397
 Fire: Blowgun           |     5 |    11 |    18 |     3 ||    37
Throw: Tomahawk          |       |     6 |    16 |    31 ||    53
       Javelin           |       |       |     5 |       ||     5
Invok: Shadow Step       |       |       |       |     4 ||     4
Evoke: Wand              |       |       |     7 |     5 ||    12
  Use: Scroll            |       |       |    10 |    13 ||    23
       Potion            |       |       |       |     9 ||     9
 Stab: Sleeping          |     5 |     5 |    12 |    11 ||    33
       Distracted        |       |     1 |     2 |     5 ||     8
  Eat: Chunk             |     1 |     1 |    10 |    11 ||    23
       Bread ration      |       |     1 |       |       ||     1
       Pizza             |       |       |     1 |     1 ||     2
       Fruit             |       |       |       |     1 ||     1
Armor: Robe              |    39 |    12 |    34 |    43 ||   128
Dodge: Dodged            |    83 |    47 |   166 |   366 ||   662
